[Event "ICC tourney 2530 (3 2)"]
[Site "Internet Chess Club"]
[Date "2021.04.23"]
[Round "2"]
[White "TRAN, NUGEN:K09-16809941"]
[Black "REDDY ALEGONDA, ADVIK:K09-30160404"]
[Result "1-0"]
[ICCResult "Black checkmated"]
[WhiteElo "1400"]
[BlackElo "1400"]
[Opening "Queen's pawn"]
[ECO "A40"]
[NIC "QO.17"]
[Time "18:21:45"]
[PlyCount "35"]
[TimeControl "180+2"]

1. d4 e6 2. Nc3 Nc6 3. e4 d5 4. exd5 exd5 5. Nf3 Nf6 6. Bb5 a6 7. Bxc6+
bxc6 8. O-O Bb4 9. Re1+ Be6 10. Qd3 Bxc3 11. Qxc3 Rb8 12. Qxc6+ Nd7 13. Bg5
Qc8 14. Rxe6+ fxe6 15. Qxe6+ Kf8 16. Be7+ Ke8 17. Bd6+ Kd8 18. Qe7# { Black
checkmated } 1-0

[Event "ICC tourney 2530 (3 2)"]
[Site "Internet Chess Club"]
[Date "2021.04.23"]
[Round "2"]
[White "ANANTHARAMAN, AASHISH:K09-15992442"]
[Black "B LANCMAN, KYLE:K12-15146021"]
[Result "0-1"]
[ICCResult "White resigns"]
[WhiteElo "1400"]
[BlackElo "1400"]
[Opening "Sicilian: Alapin's variation (2.c3)"]
[ECO "B22"]
[NIC "SI.47"]
[Time "18:22:12"]
[PlyCount "36"]
[TimeControl "180+2"]

1. e4 c5 2. c3 Nf6 3. e5 Nd5 4. d4 cxd4 5. cxd4 d6 6. Nf3 Nc6 7. exd6 Qxd6
8. Nc3 Bg4 9. Nb5 Qd7 10. Qb3 e6 11. Be2 Bb4+ 12. Nc3 Bxf3 13. Bxf3 Nxc3
14. bxc3 Nxd4 15. O-O Nxb3 16. axb3 Bxc3 17. Rd1 Qxd1+ 18. Bxd1 Bxa1 {
White resigns } 0-1

[Event "ICC tourney 2530 (3 2)"]
[Site "Internet Chess Club"]
[Date "2021.04.23"]
[Round "2"]
[White "MERCADO, PATRICIO:K09-16368776"]
[Black "SUN, YICHEN:K09-30153816"]
[Result "0-1"]
[ICCResult "White checkmated"]
[WhiteElo "1400"]
[BlackElo "1400"]
[Opening "Sicilian: Alapin's variation (2.c3)"]
[ECO "B22"]
[NIC "SI.46"]
[Time "18:21:43"]
[PlyCount "36"]
[TimeControl "180+2"]

1. e4 c5 2. c3 Nf6 3. d3 e5 4. Nf3 Nc6 5. Be2 d5 6. O-O Be6 7. Bg5 Be7 8.
Nbd2 h6 9. Bh4 g5 10. Bg3 Bd6 11. exd5 Bxd5 12. d4 e4 13. Ne5 cxd4 14. Nxc6
bxc6 15. cxd4 h5 16. Bxd6 Qxd6 17. Bc4 Ng4 18. Bxd5 Qxh2# { White
checkmated } 0-1

[Event "ICC tourney 2530 (3 2)"]
[Site "Internet Chess Club"]
[Date "2021.04.23"]
[Round "2"]
[White "S JANIS, MAXTON:K09-30158505"]
[Black "GUPTA, VEDANT:K09-30042581"]
[Result "1-0"]
[ICCResult "Black checkmated"]
[WhiteElo "1009"]
[BlackElo "1400"]
[Opening "Bishop's opening"]
[ECO "C23"]
[NIC "IG.04"]
[Time "18:21:31"]
[PlyCount "69"]
[TimeControl "180+2"]

1. e4 e5 2. Bc4 Qh4 3. Nf3 Qxe4+ 4. Be2 Bc5 5. Nc3 Qf4 6. d4 exd4 7. Bxf4
dxc3 8. bxc3 Nf6 9. Be5 Ng4 10. O-O Nxe5 11. Nxe5 Bd6 12. Nf3 Nc6 13. g3
Ne5 14. Nxe5 Bxe5 15. Re1 O-O 16. Bd3 d5 17. Rxe5 Be6 18. c4 dxc4 19. Be2
Rad8 20. Qf1 f6 21. Re3 b5 22. Rxe6 a6 23. Rd1 Rxd1 24. Qxd1 c5 25. Qd5 Kh8
26. Qc6 Rg8 27. Qxc5 h6 28. Rxa6 b4 29. Ra7 b3 30. cxb3 cxb3 31. axb3 Kh7
32. Qf5+ Kh8 33. b4 g6 34. Qxf6+ Rg7 35. Qxg7# { Black checkmated } 1-0

[Event "ICC tourney 2530 (3 2)"]
[Site "Internet Chess Club"]
[Date "2021.04.23"]
[Round "2"]
[White "VALLI PILLA, ANANYA:K09-14998655"]
[Black "PEREZ MEZA, RODRIGO:K09-30127782"]
[Result "0-1"]
[ICCResult "White resigns"]
[WhiteElo "1400"]
[BlackElo "1400"]
[Opening "Caro-Kann defense"]
[ECO "B11"]
[NIC "CK.01"]
[Time "18:21:34"]
[PlyCount "50"]
[TimeControl "180+2"]

1. e4 c6 2. Nc3 d5 3. exd5 cxd5 4. d4 Nf6 5. Nf3 Nc6 6. Bf4 Bf5 7. Bd3 Bxd3
8. Qxd3 e6 9. O-O Bb4 10. a3 Ba5 11. b4 Bb6 12. b5 Na5 13. Bd2 O-O 14. Na4
Nc4 15. Nxb6 Nxd2 16. Qxd2 Qxb6 17. a4 Rac8 18. Rfc1 Ne4 19. Qe2 a6 20.
bxa6 bxa6 21. a5 Nc3 22. Qd3 Qb5 23. Qxb5 Nxb5 24. Nd2 Nxd4 25. Ra2 Ne2+ {
White resigns } 0-1

[Event "ICC tourney 2530 (3 2)"]
[Site "Internet Chess Club"]
[Date "2021.04.23"]
[Round "2"]
[White "LAMPING, ANDREW:K09-16230258"]
[Black "ZHU, AIDEN:K09-30141156"]
[Result "0-1"]
[ICCResult "White resigns"]
[WhiteElo "1400"]
[BlackElo "1400"]
[Opening "Scotch opening"]
[ECO "C44"]
[NIC "KP.10"]
[Time "18:21:32"]
[PlyCount "44"]
[TimeControl "180+2"]

1. e4 e5 2. Nf3 Nc6 3. d4 Bd6 4. d5 Nce7 5. Nc3 f6 6. Bc4 a6 7. O-O b5 8.
Bb3 b4 9. Na4 Ng6 10. Qd3 Nf4 11. Bxf4 exf4 12. c3 bxc3 13. Qxc3 Be5 14.
Qd2 Ne7 15. Nxe5 fxe5 16. Nc5 d6 17. Na4 O-O 18. Rac1 Ra7 19. Qc3 f3 20.
Qxf3 Rxf3 21. gxf3 Ng6 22. Rc6 Bh3 { White resigns } 0-1

[Event "ICC tourney 2530 (3 2)"]
[Site "Internet Chess Club"]
[Date "2021.04.23"]
[Round "2"]
[White "V MEHTA, SOHUM:K09-15597521"]
[Black "DAS, ROMIR:K09-17353705"]
[Result "1-0"]
[ICCResult "Black checkmated"]
[WhiteElo "1400"]
[BlackElo "1400"]
[Opening "King's pawn game"]
[ECO "C50"]
[NIC "IG.03"]
[Time "18:21:44"]
[PlyCount "57"]
[TimeControl "180+2"]

1. e4 e5 2. Nf3 Nc6 3. Bc4 d6 4. c3 Nf6 5. d3 a6 6. Nbd2 b5 7. Bb3 Bg4 8.
h3 Bxf3 9. Qxf3 h6 10. O-O Be7 11. Qg3 O-O 12. Nf3 g6 13. Qxg6+ Kh8 14.
Qxh6+ Nh7 15. Bd5 Qd7 16. Bg5 Bxg5 17. Nxg5 f6 18. Bxc6 Qe7 19. Qxh7+ Qxh7
20. Nxh7 Kxh7 21. Bxa8 Rxa8 22. f4 Rg8 23. fxe5 fxe5 24. Rf7+ Kg6 25. Rxc7
Kf6 26. Rf1+ Ke6 27. Rff7 Re8 28. h4 Rc8 29. Rce7# { Black checkmated } 1-0

[Event "ICC tourney 2530 (3 2)"]
[Site "Internet Chess Club"]
[Date "2021.04.23"]
[Round "2"]
[White "SAFRANEK, WILLIAM:K09-15106903"]
[Black "LESTER, JALEEL:K09-17178433"]
[Result "1-0"]
[ICCResult "Black checkmated"]
[WhiteElo "1400"]
[BlackElo "1400"]
[Opening "Giuoco Piano"]
[ECO "C54"]
[NIC "IG.02"]
[Time "18:22:16"]
[PlyCount "41"]
[TimeControl "180+2"]

1. e4 e5 2. Nf3 Nc6 3. Bc4 Bc5 4. c3 Nf6 5. d4 exd4 6. e5 Ng8 7. cxd4 Bb4+
8. Bd2 Bxd2+ 9. Nbxd2 d6 10. exd6 cxd6 11. O-O Bg4 12. Qb3 Qe7 13. Rfe1 Ne5
14. dxe5 Bxf3 15. exd6 Qxe1+ 16. Rxe1+ Kd7 17. Nxf3 Nh6 18. Qxb7+ Kxd6 19.
Qd5+ Kc7 20. Re7+ Kb6 21. Rb7# { Black checkmated } 1-0

[Event "ICC tourney 2530 (3 2)"]
[Site "Internet Chess Club"]
[Date "2021.04.23"]
[Round "2"]
[White "S SEALE, VLADIMIR:K09-30165604"]
[Black "EILEEN MILLER, ANNA:K09-16812002"]
[Result "0-1"]
[ICCResult "White resigns"]
[WhiteElo "1198"]
[BlackElo "1400"]
[Opening "Queen's pawn: Chigorin variation"]
[ECO "D00"]
[NIC "QP.08"]
[Time "18:21:51"]
[PlyCount "40"]
[TimeControl "180+2"]

1. d4 d5 2. Nc3 Nf6 3. Nf3 Nc6 4. e3 Bg4 5. Be2 e6 6. h3 Bh5 7. g4 Bg6 8.
Bd3 Bb4 9. Bd2 Qd7 10. Bxg6 hxg6 11. a3 Bxc3 12. Bxc3 Ne4 13. Ne5 Nxc3 14.
bxc3 Nxe5 15. dxe5 O-O-O 16. O-O Rxh3 17. Qc1 Rdh8 18. Kg2 Qc6 19. e4 d4
20. Rh1 Qxe4+ { White resigns } 0-1

[Event "ICC tourney 2530 (3 2)"]
[Site "Internet Chess Club"]
[Date "2021.04.23"]
[Round "2"]
[White "DORON-REPA, HILLEL:K03-16771628"]
[Black "AVNER DEUTSCH, DAVID:K09-17126014"]
[Result "0-1"]
[ICCResult "White checkmated"]
[WhiteElo "1400"]
[BlackElo "1400"]
[Opening "French: advance, Wade variation"]
[ECO "C02"]
[NIC "FR.03"]
[Time "18:21:30"]
[PlyCount "136"]
[TimeControl "180+2"]

1. e4 e6 2. d4 d5 3. e5 c5 4. c3 Bd7 5. Nf3 Qb6 6. Be2 cxd4 7. cxd4 Bb5 8.
O-O Bxe2 9. Qxe2 Nc6 10. Be3 Nge7 11. Nc3 a6 12. Na4 Qc7 13. Nc5 Nf5 14.
Nd3 Nxe3 15. fxe3 Nb4 16. Nxb4 Bxb4 17. a3 Be7 18. Rac1 Qd7 19. Rc2 O-O 20.
Rfc1 Rfc8 21. Qd3 Rxc2 22. Rxc2 Rc8 23. Rxc8+ Qxc8 24. Qc3 Qxc3 25. bxc3
Bxa3 26. Nd2 Bc1 27. Nb3 Bxe3+ 28. Kf1 b6 29. Ke2 Bg5 30. Kd3 Kf8 31. c4
dxc4+ 32. Kxc4 Ke7 33. Kb4 Kd7 34. Kc4 Bf4 35. g3 Be3 36. h3 Bf2 37. g4 Kc6
38. Kb4 Kd5 39. Kc3 a5 40. Kd3 a4 41. Nc1 Bxd4 42. Na2 Bxe5 43. Kc2 Kc4 44.
Nc1 b5 45. Na2 b4 46. Nc1 a3 47. Kb1 b3 48. h4 a2+ 49. Nxa2 bxa2+ 50. Kxa2
Bg3 51. h5 g6 52. hxg6 hxg6 53. Kb2 f5 54. gxf5 exf5 55. Kc2 Be5 56. Kd2 g5
57. Ke2 g4 58. Kf2 f4 59. Kg2 f3+ 60. Kf2 Kd3 61. Kf1 Ke3 62. Kg1 f2+ 63.
Kf1 g3 64. Kg2 Ke2 65. Kh3 f1=Q+ 66. Kg4 g2 67. Kg5 g1=Q+ 68. Kh5 Qh3# {
White checkmated } 0-1

[Event "ICC tourney 2530 (3 2)"]
[Site "Internet Chess Club"]
[Date "2021.04.23"]
[Round "2"]
[White "KUMAR TIBREWAL, AYUSH:K12-14952527"]
[Black "MARIAN, AARON:K09-15799497"]
[Result "0-1"]
[ICCResult "White checkmated"]
[WhiteElo "1400"]
[BlackElo "1400"]
[Opening "French defense"]
[ECO "C00"]
[NIC "FR.01"]
[Time "18:22:02"]
[PlyCount "92"]
[TimeControl "180+2"]

1. e4 e6 2. Nc3 d5 3. e5 c5 4. Nf3 Nc6 5. Bb5 Bd7 6. Bxc6 Bxc6 7. d4 cxd4
8. Nxd4 Bc5 9. O-O Qc7 10. Be3 Ne7 11. Nxc6 Qxc6 12. Bxc5 Qxc5 13. Qd3 O-O
14. Qf3 Ng6 15. Qg3 Qd4 16. Rfe1 Rac8 17. Rad1 Qb6 18. Re3 d4 19. Red3 dxc3
20. Rd6 Qxb2 21. h3 Qxc2 22. R6d3 Qxa2 23. Rxc3 Rxc3 24. Qxc3 a5 25. Ra1
Qe2 26. Qxa5 Qxe5 27. Qxe5 Nxe5 28. Rb1 Rb8 29. f4 Nc4 30. Kf2 Kf8 31. Rb4
b5 32. Ke2 Ke7 33. Kd3 Na5 34. Ke4 Nc6 35. Rb3 b4 36. g4 Na5 37. Rb1 b3 38.
Kd4 b2 39. Kc3 Nc6 40. Kc4 Na5+ 41. Kc5 Rb3 42. Kd4 Kd6 43. h4 f6 44. Ke4
Nc4 45. Rd1+ Kc5 46. Rd8 Re3# { White checkmated } 0-1

[Event "ICC tourney 2530 (3 2)"]
[Site "Internet Chess Club"]
[Date "2021.04.23"]
[Round "2"]
[White "SHAH, ARSH:K09-17096480"]
[Black "PAI, RAHUL:K12-16742108"]
[Result "0-1"]
[ICCResult "White resigns"]
[WhiteElo "1400"]
[BlackElo "1400"]
[Opening "Giuoco Pianissimo"]
[ECO "C55"]
[NIC "IG.01"]
[Time "18:21:49"]
[PlyCount "50"]
[TimeControl "180+2"]

1. e4 e5 2. Nf3 Nc6 3. Bc4 Nf6 4. d3 Bc5 5. c3 O-O 6. Nbd2 a6 7. Nf1 d6 8.
Ng3 Ba7 9. O-O h6 10. Be3 Bxe3 11. fxe3 d5 12. exd5 Nxd5 13. e4 Ne3 14. Qe2
Nxf1 15. Rxf1 Be6 16. Bb3 Bxb3 17. axb3 g6 18. Qe3 Kh7 19. h4 Qd7 20. h5
Rad8 21. Rd1 Qe6 22. Nh4 Ne7 23. hxg6+ fxg6 24. d4 Qg4 25. Nf3 Qxg3 { White
resigns } 0-1

[Event "ICC tourney 2530 (3 2)"]
[Site "Internet Chess Club"]
[Date "2021.04.23"]
[Round "2"]
[White "JUGDAR, AARUSH:K09-30100218"]
[Black "KLEIN, JACOB:K09-15995270"]
[Result "1-0"]
[ICCResult "Black forfeits on time"]
[WhiteElo "1400"]
[BlackElo "1400"]
[Opening "English: three knights system"]
[ECO "A27"]
[NIC "EO.21"]
[Time "18:21:37"]
[PlyCount "31"]
[TimeControl "180+2"]

1. c4 e5 2. Nc3 Nc6 3. Nf3 Bc5 4. d3 Nf6 5. g3 d5 6. cxd5 Nxd5 7. Bg2 Bb4
8. Bd2 Nxc3 9. Bxc3 Bxc3+ 10. bxc3 Bg4 11. O-O Bxf3 12. Bxf3 O-O 13. Qc2 f5
14. Rfd1 Qe7 15. Qb3+ Kh8 16. Qxb7 { Black forfeits on time } 1-0

[Event "ICC tourney 2530 (3 2)"]
[Site "Internet Chess Club"]
[Date "2021.04.23"]
[Round "2"]
[White "DARILEK, MILES:K09-30135218"]
[Black "SUN, YIMENG:K09-16513258"]
[Result "1-0"]
[ICCResult "Black forfeits on time"]
[WhiteElo "1400"]
[BlackElo "1400"]
[Opening "Queen's pawn game, Chigorin variation"]
[ECO "D02"]
[NIC "QP.08"]
[Time "18:22:16"]
[PlyCount "23"]
[TimeControl "180+2"]

1. d4 d5 2. Nf3 Nc6 3. g3 Nf6 4. Bg2 Bf5 5. O-O e6 6. c4 Bb4 7. cxd5 exd5
8. a3 Bd6 9. Nc3 O-O 10. b4 a6 11. b5 Na5 12. bxa6 { Black forfeits on time
} 1-0

[Event "ICC tourney 2530 (3 2)"]
[Site "Internet Chess Club"]
[Date "2021.04.23"]
[Round "2"]
[White "WANG, LUCAS:K12-16797884"]
[Black "BHARGAVA, ANISH:K09-17325854"]
[Result "1-0"]
[ICCResult "Black checkmated"]
[WhiteElo "1400"]
[BlackElo "1400"]
[Opening "Four knights: Scotch variation"]
[ECO "C47"]
[NIC "KP.06"]
[Time "18:21:30"]
[PlyCount "73"]
[TimeControl "180+2"]

1. e4 e5 2. Nf3 Nc6 3. Nc3 Nf6 4. d4 d5 5. exd5 exd4 6. Nxd4 Nxd5 7. Qe2+
Be7 8. Nxc6 Nxc3 9. Qxe7+ Qxe7+ 10. Nxe7 Kxe7 11. bxc3 Bf5 12. Bd3 Bg4 13.
f3 Be6 14. Ba3+ c5 15. Bxc5+ Ke8 16. Bb5+ Kd8 17. O-O-O+ Kc7 18. Bd6+ Kc8
19. Bg3 Rd8 20. Rxd8+ Kxd8 21. Rd1+ Kc8 22. Bh4 Bf5 23. Rd8+ Kc7 24. Rxa8
b6 25. Rxa7+ Kb8 26. Rxf7 g6 27. Rxf5 gxf5 28. Bg3+ f4 29. Bxf4+ Kb7 30.
Kd2 Kc8 31. g4 Kd8 32. h4 h6 33. g5 Ke7 34. gxh6 Kf7 35. h7 Kg7 36. Bd3 Kh8
37. Be5# { Black checkmated } 1-0

[Event "ICC tourney 2530 (3 2)"]
[Site "Internet Chess Club"]
[Date "2021.04.23"]
[Round "2"]
[White "ROSLIK NEVISTICH, LUCAS:K09-16541246"]
[Black "PANIKKATH, ADITYA:K09-30103787"]
[Result "0-1"]
[ICCResult "White checkmated"]
[WhiteElo "1469"]
[BlackElo "1400"]
[Opening "Scandinavian (center counter) defense"]
[ECO "B01"]
[NIC "SD.02"]
[Time "18:21:38"]
[PlyCount "122"]
[TimeControl "180+2"]

1. e4 d5 2. exd5 Qxd5 3. Nc3 Qd8 4. Bc4 Nf6 5. Nf3 h6 6. Ne5 Be6 7. Bxe6
fxe6 8. d3 Nc6 9. Ne4 Nxe4 10. Qh5+ g6 11. Nxg6 Nf6 12. Nxh8+ Nxh5 13. Ng6
Bg7 14. O-O Kf7 15. Nf4 Nxf4 16. Bxf4 e5 17. Bg3 e6 18. Rfe1 Qd4 19. c3
Qxd3 20. Rad1 Qxd1 21. Rxd1 Rd8 22. Rxd8 Nxd8 23. f4 exf4 24. Bxf4 e5 25.
Be3 Ne6 26. Bxa7 b6 27. b4 e4 28. c4 Bc3 29. c5 bxc5 30. bxc5 Bd4+ 31. Kf1
Bxc5 32. Bxc5 Nxc5 33. Ke2 Ke6 34. Ke3 Kd5 35. g3 Na4 36. h4 Nc5 37. g4 Ne6
38. g5 hxg5 39. hxg5 Nxg5 40. a4 Ne6 41. a5 Nc5 42. a6 Nxa6 43. Kf2 c5 44.
Ke3 Nb4 45. Kd2 c4 46. Ke3 c3 47. Kf2 Kd4 48. Ke2 c2 49. Kd2 e3+ 50. Kc1 e2
51. Kd2 e1=Q+ 52. Kxe1 c1=Q+ 53. Ke2 Qe3+ 54. Kf1 Nc2 55. Kg2 Ke4 56. Kh1
Kf4 57. Kg2 Qg3+ 58. Kh1 Qd3 59. Kg2 Ne1+ 60. Kh1 Qh3+ 61. Kg1 Qg2# { White
checkmated } 0-1

[Event "ICC tourney 2530 (3 2)"]
[Site "Internet Chess Club"]
[Date "2021.04.23"]
[Round "2"]
[White "ANG, TIMOTHY:K09-16772800"]
[Black "TANZI, ANTONIO:K12-30133927"]
[Result "1-0"]
[ICCResult "Black checkmated"]
[WhiteElo "1400"]
[BlackElo "1400"]
[Opening "Scotch game"]
[ECO "C45"]
[NIC "SO.04"]
[Time "18:22:16"]
[PlyCount "59"]
[TimeControl "180+2"]

1. e4 e5 2. Nf3 Nc6 3. d4 exd4 4. Nxd4 Nxd4 5. Qxd4 d6 6. Nc3 Nf6 7. Bc4
Be6 8. Bf4 Bxc4 9. Qxc4 Be7 10. h3 h6 11. a3 Qd7 12. Nb5 Rc8 13. O-O a6 14.
Nd4 Nxe4 15. Rfe1 Nd2 16. Bxd2 d5 17. Qc3 O-O 18. Re2 c5 19. Nf3 Rfe8 20.
Rae1 d4 21. Qd3 Kf8 22. Bf4 b6 23. Qh7 f6 24. Nh4 Bd6 25. Ng6+ Kf7 26. Bxh6
Rxe2 27. Rxe2 Be7 28. Qxg7+ Ke8 29. Rxe7+ Qxe7 30. Qxe7# { Black checkmated
} 1-0

[Event "ICC tourney 2530 (3 2)"]
[Site "Internet Chess Club"]
[Date "2021.04.23"]
[Round "2"]
[White "SUVOROV, ZACHARY:K12-30101116"]
[Black "SAI TUBATI, TARUN:K09-16761313"]
[Result "1-0"]
[ICCResult "Black checkmated"]
[WhiteElo "1400"]
[BlackElo "1400"]
[Opening "Caro-Kann: two knights, 3...Bg4"]
[ECO "B10"]
[NIC "CK.01"]
[Time "18:21:33"]
[PlyCount "49"]
[TimeControl "180+2"]

1. e4 c6 2. Nf3 d5 3. Nc3 Bg4 4. Be2 e6 5. h3 Bh5 6. O-O Bc5 7. d4 Bb6 8.
Bf4 Nf6 9. e5 Ne4 10. Nxe4 dxe4 11. Nd2 Bxe2 12. Qxe2 Bxd4 13. Qxe4 Bxb2
14. Rad1 Nd7 15. Nc4 Bc3 16. Qd3 O-O 17. Qxc3 Qe7 18. Qg3 f6 19. Bh6 fxe5
20. Nd6 Kh8 21. Bg5 Qe8 22. Nxe8 Rfxe8 23. Rxd7 Rad8 24. Bxd8 Rf8 25. Qxg7#
{ Black checkmated } 1-0

[Event "ICC tourney 2530 (3 2)"]
[Site "Internet Chess Club"]
[Date "2021.04.23"]
[Round "2"]
[White "CATLIN, CHRISTIAN:K09-17355105"]
[Black "MATTHEW PUDOL CALAUNAN, ANGELO:K12-17270737"]
[Result "1-0"]
[ICCResult "Black forfeits on time"]
[WhiteElo "1400"]
[BlackElo "1400"]
[Opening "Giuoco Piano: four knights variation"]
[ECO "C47"]
[NIC "KP.06"]
[Time "18:21:31"]
[PlyCount "33"]
[TimeControl "180+2"]

1. e4 e5 2. Nf3 Nc6 3. Nc3 Nf6 4. Bc4 Bc5 5. O-O O-O 6. Ng5 d5 7. exd5 Nxd5
8. Bxd5 Qxg5 9. d4 Qg6 10. dxc5 Bh3 11. Qf3 Bg4 12. Qe3 Rfe8 13. f3 Bh3 14.
f4 Be6 15. fxe5 Bxd5 16. Nxd5 Rxe5 17. Qf3 { Black forfeits on time } 1-0

[Event "ICC tourney 2530 (3 2)"]
[Site "Internet Chess Club"]
[Date "2021.04.23"]
[Round "2"]
[White "MALLADI, SADKRITH:K09-15797710"]
[Black "MUNJAL CHUDGAR, SHARANYA:K09-30083735"]
[Result "1-0"]
[ICCResult "Black checkmated"]
[WhiteElo "1400"]
[BlackElo "1400"]
[Opening "Scotch game"]
[ECO "C45"]
[NIC "SO.04"]
[Time "18:22:16"]
[PlyCount "45"]
[TimeControl "180+2"]

1. e4 e5 2. Nf3 Nc6 3. d4 exd4 4. Nxd4 Nxd4 5. Qxd4 Nf6 6. Nc3 d6 7. Bf4
Be7 8. O-O-O Bd7 9. f3 O-O 10. g4 a5 11. h4 Ne8 12. g5 b6 13. Qd2 Bc6 14.
h5 f6 15. Bc4+ Kh8 16. g6 h6 17. Bxh6 Rb8 18. Be3 b5 19. Be6 b4 20. h6 bxc3
21. hxg7+ Kxg7 22. Rh7+ Kxg6 23. Bf5# { Black checkmated } 1-0

[Event "ICC tourney 2530 (3 2)"]
[Site "Internet Chess Club"]
[Date "2021.04.23"]
[Round "2"]
[White "SIDDIQI, AMAN:K09-30165568"]
[Black "KOLLIPARA, ADVAITH:K09-15014487"]
[Result "0-1"]
[ICCResult "White checkmated"]
[WhiteElo "1144"]
[BlackElo "1400"]
[Opening "French: advance, Nimzovich system"]
[ECO "C02"]
[NIC "FR.03"]
[Time "18:21:29"]
[PlyCount "74"]
[TimeControl "180+2"]

1. e4 e6 2. d4 d5 3. e5 c5 4. Nf3 Nc6 5. Bb5 Bd7 6. O-O cxd4 7. Nxd4 Nxe5
8. Bxd7+ Nxd7 9. Nc3 Ngf6 10. Bg5 Be7 11. Re1 h6 12. Bh4 O-O 13. Nf3 Re8
14. Ne5 Nxe5 15. Rxe5 Nd7 16. Re1 Bxh4 17. Qg4 Bf6 18. Rad1 Qb6 19. Na4 Qc6
20. Nc3 Ne5 21. Qg3 Nc4 22. Ne2 Nxb2 23. Rb1 Qxc2 24. Qf3 Rac8 25. Rec1 Qg6
26. Rxc8 Rxc8 27. Rc1 Rxc1+ 28. Nxc1 Qb1 29. Qe3 Bg5 30. Qe1 Qxc1 31. Qxc1
Bxc1 32. h3 d4 33. Kh2 d3 34. Kg3 d2 35. Kf3 d1=Q+ 36. Ke4 Qd3+ 37. Ke5
Nc4# { White checkmated } 0-1

[Event "ICC tourney 2530 (3 2)"]
[Site "Internet Chess Club"]
[Date "2021.04.23"]
[Round "2"]
[White "AUGUST QUESTER BOYDEN, HUGO:K09-30161202"]
[Black "KINI, SIDDHARTH:K09-15628986"]
[Result "0-1"]
[ICCResult "White resigns"]
[WhiteElo "1400"]
[BlackElo "1400"]
[Opening "Giuoco Pianissimo: Canal variation"]
[ECO "C47"]
[NIC "KP.06"]
[Time "18:21:29"]
[PlyCount "142"]
[TimeControl "180+2"]

1. e4 e5 2. Nf3 Nc6 3. Nc3 Nf6 4. Bc4 Bc5 5. d3 d6 6. Bg5 h6 7. Bh4 Qe7 8.
Qe2 Be6 9. Bxe6 Qxe6 10. O-O-O Nd4 11. Nxd4 Bxd4 12. Bxf6 gxf6 13. a3 O-O-O
14. Qd2 f5 15. exf5 Qxf5 16. Nb5 Bxf2 17. Rhf1 e4 18. Rxf2 Qxb5 19. Rxf7
exd3 20. cxd3 Qd5 21. Rdf1 Qg5 22. Kd1 Qxd2+ 23. Kxd2 Rdg8 24. Rc1 c6 25.
g3 h5 26. Rg1 Rf8 27. Rxf8+ Rxf8 28. Ke1 Rg8 29. h3 Kd7 30. g4 hxg4 31.
hxg4 c5 32. g5 Ke6 33. Kf2 Kf5 34. Ke3 d5 35. g6 Rxg6 36. Rxg6 Kxg6 37. d4
c4 38. Kd2 Kf6 39. Kc3 Ke6 40. Kb4 Kd6 41. a4 Kc6 42. b3 cxb3 43. Kxb3 a6
44. Kb4 b5 45. axb5+ axb5 46. Kc3 Kb6 47. Kb4 Ka6 48. Ka3 Ka5 49. Kb3 b4
50. Ka2 Kb5 51. Kb3 Ka5 52. Ka2 Ka4 53. Kb2 b3 54. Ka1 Kb4 55. Kb2 Kc4 56.
Ka3 Kc3 57. Ka4 Kc2 58. Kb5 b2 59. Kc5 b1=Q 60. Kxd5 Qb3+ 61. Ke5 Qb5+ 62.
d5 Kc3 63. Ke6 Qe8+ 64. Kd6 Qd8+ 65. Kc5 Kd3 66. d6 Ke4 67. Kc6 Ke5 68. d7
Ke6 69. Kb7 Qxd7+ 70. Kb8 Kd6 71. Ka8 Kc6 { White resigns } 0-1

[Event "ICC tourney 2530 (3 2)"]
[Site "Internet Chess Club"]
[Date "2021.04.23"]
[Round "2"]
[White "HUNG, DANIEL:K12-14504425"]
[Black "CHANDRAN, HARISH:K09-15751871"]
[Result "1-0"]
[ICCResult "Black checkmated"]
[WhiteElo "1400"]
[BlackElo "1400"]
[Opening "Sicilian: closed"]
[ECO "B23"]
[NIC "SI.44"]
[Time "18:21:42"]
[PlyCount "49"]
[TimeControl "180+2"]

1. e4 c5 2. Nc3 Nf6 3. e5 Ng8 4. f4 d6 5. Nf3 Nc6 6. Bb5 Bd7 7. Bxc6 Bxc6
8. O-O g6 9. d4 cxd4 10. Nxd4 Bg7 11. Nxc6 bxc6 12. exd6 exd6 13. Re1+ Ne7
14. Qe2 Rb8 15. Kh1 Rb7 16. f5 O-O 17. fxg6 fxg6 18. Bg5 Bf6 19. Ne4 Bxg5
20. Nxg5 Nf5 21. Ne6 Qh4 22. Qf3 Rf6 23. Qxc6 Re7 24. Qc8+ Kf7 25. Qf8# {
Black checkmated } 1-0

[Event "ICC tourney 2530 (3 2)"]
[Site "Internet Chess Club"]
[Date "2021.04.23"]
[Round "2"]
[White "KANKEYAN, RISHEETH:K09-16597998"]
[Black "BASTIANI FONCK, CLAUDIO:K12-16874166"]
[Result "0-1"]
[ICCResult "White forfeits on time"]
[WhiteElo "1400"]
[BlackElo "1400"]
[Opening "Sicilian: Labourdonnais-Löwenthal (Kalashnikov) variation"]
[ECO "B32"]
[NIC "SI.32"]
[Time "18:21:50"]
[PlyCount "50"]
[TimeControl "180+2"]

1. e4 c5 2. Nf3 Nc6 3. d4 cxd4 4. Nxd4 e5 5. Nb5 d6 6. N1c3 a6 7. Na3 Nf6
8. Bg5 Be7 9. Bd3 Nxe4 10. Nxe4 Bxg5 11. O-O O-O 12. Bc4 Be7 13. Qd2 Be6
14. Rad1 Qc7 15. Bxe6 fxe6 16. c4 Nd4 17. b3 d5 18. cxd5 exd5 19. Nc3 Bxa3
20. Nxd5 Qd6 21. Ne3 b5 22. Nc2 Rfd8 23. Nxa3 Qxa3 24. Rfe1 Qd6 25. f4 Nf3+
{ White forfeits on time } 0-1

[Event "ICC tourney 2530 (3 2)"]
[Site "Internet Chess Club"]
[Date "2021.04.23"]
[Round "2"]
[White "ZHOU, ARTHUR:K09-17305955"]
[Black "EHRENBERG, JOSHUA:K12-16538457"]
[Result "0-1"]
[ICCResult "White resigns"]
[WhiteElo "1400"]
[BlackElo "1400"]
[Opening "Queen's pawn game, Krause variation"]
[ECO "D02"]
[NIC "QP.08"]
[Time "18:22:16"]
[PlyCount "38"]
[TimeControl "180+2"]

1. d4 d5 2. Nf3 c5 3. e3 a6 4. Nc3 Nf6 5. Ne5 Bf5 6. h3 Nc6 7. g4 Be4 8. f3
Bg6 9. Nxg6 hxg6 10. f4 e6 11. Qd2 cxd4 12. exd4 Bb4 13. a3 Ne4 14. Qd3
Bxc3+ 15. bxc3 Na5 16. Bg2 Qc7 17. Bxe4 dxe4 18. Qxe4 Qxc3+ 19. Bd2 Qxa1+ {
White resigns } 0-1

[Event "ICC tourney 2530 (3 2)"]
[Site "Internet Chess Club"]
[Date "2021.04.23"]
[Round "2"]
[White "GUO, JUNHUI:K09-30160929"]
[Black "TENNENT, RICHARD:K09-15622641"]
[Result "1-0"]
[ICCResult "Black forfeits on time"]
[WhiteElo "1400"]
[BlackElo "1400"]
[Opening "Queen's bishop game"]
[ECO "D00"]
[NIC "QP.08"]
[Time "18:22:16"]
[PlyCount "29"]
[TimeControl "180+2"]

1. d4 d5 2. Bf4 Nf6 3. Nf3 Nc6 4. e3 b6 5. Bb5 Bb7 6. Ne5 Qd6 7. Nxc6 e5 8.
Bxe5 Qe6 9. Na5+ c6 10. Bxc6+ Bxc6 11. Nxc6 Qxc6 12. O-O Rc8 13. c3 Be7 14.
Nd2 O-O 15. Rc1 { Black forfeits on time } 1-0